cohdb
Replays
Latest Replays
All Replays
Popular Replays
Top Player Replays
Match Explorer
How It Works
Community
CoH3 Stats
Reddit
Sign in to upload your games and track your stats! →
Sign in with Steam
Match 45480008
Unlisted
Match 45480008
Overview
Messages
Build Orders
End
Construct Weapon Support Center
Selects Heavy Weapons
Scout Squad
M1919 Machine Gun Team
M1919 Machine Gun Team
M1919 Machine Gun Team
Construct Medical Station
Selects M2HB .50cal Heavy Machine Gun
Infantry Support Center
M3 Armored Personnel Carrier
Bazooka Squad
Selects Assault Carriers
Engineer Squad
M3 Assault Carrier
Selects Exchangeable Parts
Scout Squad
Bazooka Squad
Construct Tank Depot
Selects Rapid Reposition
M4A1 Sherman Medium Tank
Captain Retinue
Engineer Squad
Selects Bolstered Team Weapons
M4A1 Sherman Medium Tank
Bazooka Squad
Improved M9 Bazooka Rockets
SimplyFinny
MasterStef
A1
Lord Panther
0
0
Comments
sign in to comment!
No comments posted yet!